 Dungeon Crawl Stone Soup version 0.31-a0-1002-g8e65716e6e (webtiles) character file.

Game seed: 8320615577400780632

2 junkdod the Ruffian (level 1, 20/22 HPs)
             Began as a Human Shapeshifter on Nov 9, 2023.
             Quit the game on level 1 of the Dungeon.
             The game lasted 00:01:50 (146 turns).

junkdod the Ruffian (Human Shapeshifter)             Turns: 146, Time: 00:01:51

Health: 20/22      AC: 20    Str: 14    XL:     1   Next: 33%
Magic:  1/1        EV:  2    Int: 10    God:
Gold:   38         SH:  0    Dex: 12    Spells: 0/0 levels left

rFire   . .          .
                       - Unarmed
rCold   . . .        (no shield)
rNeg    . . .        a - melded +0 animal skin
rPois   +            (helmet currently unavailable)
rElec   .            (cloak currently unavailable)
rCorr   .            (gloves currently unavailable)
SInv    .            (boots currently unavailable)
Will    .....        (no amulet)
Stlth   +            (no ring)
HPRegen 0.23/turn    (no ring)
MPRegen 0.07/turn

%: no passive effects
@: tree-form
A: stationary, stasis, torment immunity, boosted hp
a: no special abilities


You were on level 1 of the Dungeon.
You were a tree.
You visited 1 branch of the dungeon, and saw 1 of its levels.

You collected 38 gold pieces.

Inventory:

Armour
 a - a +0 animal skin (melded)
Jewellery
 e - an amulet of guardian spirit
Talismans
 c - a beast talisman
 d - a flux talisman


   Skills:
 + Level 1.0 Fighting
 + Level 2.0 Dodging
 + Level 3.1 Unarmed Combat
 + Level 3.0 Shapeshifting


You couldn't memorise any spells.
You didn't know any spells.
Your spell library was empty.

Dungeon Overview and Level Annotations

Branches:
Dungeon (1/15)

Altars:


Message History

You see here 2 poisoned darts.
Found a metallic brown potion.
Found a sling.
A frilled lizard comes into view.
Found a glowing dagger.
You see here a +0 sling.
The frilled lizard hisses angrily.
A kobold comes into view. It is wielding a +0 dagger.
You see here a +1 dagger of electrocution.
The frilled lizard closely misses you.
You hit the frilled lizard.
You kill the frilled lizard!
The kobold barely misses you.
You see here a frilled lizard corpse.
You closely miss the kobold. The kobold hits you with a +0 dagger.
You closely miss the kobold. The kobold barely misses you.
You barely miss the kobold. The kobold hits you with a +0 dagger.
You hit the kobold but do no damage. The kobold hits you with a +0 dagger.
You hit the kobold.
You kill the kobold!
Things that are here:
a +0 dagger; a +0 sling; a kobold corpse
Things that are here:
a +0 dagger; a +0 sling; a kobold corpse You see here a frilled lizard corpse.
You see here a +1 dagger of electrocution.
You see here a frilled lizard corpse.
Things that are here:
a +0 dagger; a +0 sling; a kobold corpse
Things that are here:
a +0 dagger; a +0 sling; a kobold corpse Your transformation has ended.
You turn into a tree.
Your +0 animal skin melds into your body.
Your roots penetrate the ground.
You cannot move.
You cannot move.
You cannot move.
You cannot move.
Are you sure you want to abandon this character and quit the game? (Confirm with "yes".)

#.# #. #### #.# #.#
#..( #.# #.# #.## #.#
#.# #.# #####)#
#.######.# ...#.#
#.#......#
#.#.######.#.###..#
.####..†.........#
#..#
.......♣.......#.#
#.##
#######.######.#.....#
#.# #.###.### #.# #!#
.# ..# #.# # # ### #.#
#.# #.#


There were no monsters in sight!

Vanquished Creatures
  A kobold (D:1)
  A frilled lizard (D:1)
2 creatures vanquished.

Notes
Turn   | Place    | Note
-------+----------+-------------------------------------------
     0 | D:1      | junkdod the Human Shapeshifter began the quest for the Orb.
     0 | D:1      | Reached XP level 1. HP: 15/15 MP: 1/1
   146 | D:1      | Quit the game

Illustrated notes

Levels and vault maps discovered:
D:1:      heliophobic_arrival_battle_scene, layout_loops_ring

Action                     || total
---------------------------++-------
  Melee: Unarmed           ||     6
    Use: Potion            ||     1
 Armour: Animal skin       ||     3
  Dodge: Dodged            ||     3

Table legend: (Time is in decaauts)
 A = Elapsed time spent in this place.
 B = Non-inter-level travel time spent in this place.
 C = Inter-level travel time spent in this place.
 D = Time resting spent in this place.
 E = Time spent auto-exploring this place.
 F = Levels seen in this place.
 G = Mean time per level.
                   A        B        C        D        E       F      G
               +--------+--------+--------+--------+--------+-----+--------+
         Total |    145 |     48 |     97 |      0 |      0 |   1 |  145.0 |
       Dungeon |    145 |     48 |     97 |      0 |      0 |   1 |  145.0 |
               +--------+--------+--------+--------+--------+-----+--------+

Top non-repeatable levels by time:
     D:1: 145 daAuts
